 Dungeon Crawl Stone Soup version 0.31-a0-981-geadf994542 (webtiles) character file.

Game seed: 5563720227818566338

75 igornogaf the Covered (level 4, 0/40 HPs)
             Began as an Armataur Fighter on Oct 26, 2023.
             Slain by Sigmund
             ... wielding a +4 scythe
              (1 damage)
             ... on level 2 of the Dungeon on Oct 31, 2023.
             The game lasted 00:09:10 (1146 turns).

igornogaf the Covered (Armataur Fighter)            Turns: 1146, Time: 00:09:11

Health: 0/40       AC:  7    Str: 24    XL:     4   Next: 11%
Magic:  4/4        EV:  7    Int:  8    God:
Gold:   20         SH:  4    Dex:  9    Spells: 3/3 levels left

rFire   . . .        a - +0 flail
rCold   . . .        c - +0 buckler
rNeg    . . .        b - +0 scale mail
rPois   .            (no helmet)
rElec   .            (no cloak)
rCorr   .            (no gloves)
SInv    .            (no barding)
Will    .....        (no amulet) Stlth
                     (no ring)
HPRegen 0.26/turn    (no ring)
MPRegen 0.09/turn

%: roll
@: no status effects
A: large, rugged brown scales 3, deformed body, armoured tail, roll, long
tongue, awkward tongue
a: no special abilities


You were on level 2 of the Dungeon.
You visited 1 branch of the dungeon, and saw 2 of its levels.

You collected 20 gold pieces.

Inventory:

Hand Weapons
 a - a +0 flail (weapon)
Armour
 b - a +0 scale mail (worn)
 c - a +0 buckler (worn)
Scrolls
 e - a scroll of revelation {unknown}
 f - a scroll of torment {unknown}
Potions
 d - 2 potions of might


   Skills:
 + Level 3.2 Fighting
 - Level 1.0(1.5) Axes
 * Level 2.1(2.3) Maces & Flails
 + Level 4.4 Armour
 - Level 0.1 Dodging
 + Level 3.7 Shields


You had 3 spell levels left.
You didn't know any spells.
Your spell library was empty.

Dungeon Overview and Level Annotations

Branches:
Dungeon (2/15)

Altars:

Annotations:
D:2 Sigmund


Innate Abilities, Weirdness & Mutations

You are completely covered in rugged brown scales. (AC +3, +7% HP)
Armour fits poorly on your strangely shaped body.
You have a long armoured tail.
You roll when moving toward enemies. (Rampage)
Your long tongue fully drains potion bottles. (2x potion effects)
Your tongue gives you trouble enunciating. (1.5x scroll delay)


Message History

A bat comes into view.
You see here a +0 mace.
You roll towards the bat!
You closely miss something. Something hits you.
Something unexpectedly blocks you, preventing you from rolling!
You closely miss something.
A goblin comes into view. It is wielding a +0 club.
Something hits you.
Something unexpectedly blocks you, preventing you from rolling!
You completely miss something.
You hear some strange, mumbled words.
Something tries to affect you, but you resist.
Something unexpectedly blocks you, preventing you from rolling!
You closely miss something.
Your tail-slap misses something.
Something hits you.
Something unexpectedly blocks you, preventing you from rolling!
You barely miss something. Something hits you.
Something unexpectedly blocks you, preventing you from rolling!
You closely miss something.
Your tail-slap misses something.
Something hits you.
Something unexpectedly blocks you, preventing you from rolling!
You hit something.
Your tail-slap misses something.
Something hits you.
Something unexpectedly blocks you, preventing you from rolling!
You hit something.
Your tail-slap misses something.
Something unexpectedly blocks you, preventing you from rolling!
You miss something. Something hits you.
Something unexpectedly blocks you, preventing you from rolling!
You miss something.
Your tail-slap misses something.
Something hits you.
Something unexpectedly blocks you, preventing you from rolling!
You hit something.
Your tail-slap misses something.
Something hits you!
* * * LOW HITPOINT WARNING * * *
Something unexpectedly blocks you, preventing you from rolling!
You miss something.
Your tail-slap misses something.
Something hits you!
* * * LOW HITPOINT WARNING * * *
Something unexpectedly blocks you, preventing you from rolling!
You closely miss something.
Your tail-slap misses something.
Something hits you but does no damage.
Something unexpectedly blocks you, preventing you from rolling!
You hit something but do no damage.
Your tail-slap misses something.
Something hits you.
You die...

#### #... #### # #
##### # #... ####
###.#######... # ##...
#....)@{bg?.#..#.##...#
#.#.#######............
#.#.# .....#...# #.#.#
#.#..##.## ##.#.#
#....... #####....#
##.#####
#........########
#...<..
#..........).....
.######
#........######## #


You could see a goblin and a bat.

Vanquished Creatures
  2 adders (D:2)
  A dart slug (D:1)
  An orc (D:2)
  6 ball pythons
  5 bats
  2 endoplasms
  2 giant cockroaches (D:1)
  8 goblins
  5 hobgoblins
  4 jackals (D:1)
  A quokka (D:1)
  A frilled lizard (D:1)
  3 kobolds (D:1)
  9 rats
50 creatures vanquished.

Notes
Turn   | Place    | Note
-------+----------+-------------------------------------------
     0 | D:1      | igornogaf the Armataur Fighter began the quest for the Orb.
     0 | D:1      | Reached XP level 1. HP: 19/19 MP: 1/1
    32 | D:1      | Upgraded the game from 0.31-a0-965-g8a8ce12e04 to
                  | 0.31-a0-981-geadf994542
    90 | D:1      | Reached XP level 2. HP: 24/26 MP: 2/2
   217 | D:1      | Found a faded altar of an unknown god.
   382 | D:1      | Reached skill level 4 in Armour
   468 | D:1      | Reached XP level 3. HP: 27/33 MP: 3/3
   911 | D:2      | Reached XP level 4. HP: 40/40 MP: 4/4
   924 | D:2      | Reached skill level 1 in Axes
  1129 | D:2      | Noticed Sigmund
  1144 | D:2      | HP: 1/40 [something (8)]
  1146 | D:2      | Slain by Sigmund

Illustrated notes

Levels and vault maps discovered:
D:1:      dpeg_arrival_subterranean_lakeside_camping, layout_rooms,
          ebering_ecumenical_altar_rust, st_stairs_10, hangedman_decor_lopped
D:2:      layout_loops_ring, uniq_crazy_yiuf_cottage, uniq_sigmund

Skill      XL: |  1  2  3  4 |
---------------+-------------+-----
Maces & Flails | 2 |  2.1
Fighting       | 3 |  3.2
Armour         | 4 |  4.4
Axes           | 1 |  1.0
Dodging        | |  0.1
Shields        | |  3.7

Action                     |  1- 3 |  4- 6 || total
---------------------------+-------+-------++-------
  Melee: Flail             |   141 |    41 ||   182
         Tailslap          |     8 |     1 ||     9
 Armour: Scale mail        |   181 |    34 ||   215
  Dodge: Dodged            |   105 |    13 ||   118
  Block: Buckler           |    35 |     3 ||    38

Table legend: (Time is in decaauts)
 A = Elapsed time spent in this place.
 B = Non-inter-level travel time spent in this place.
 C = Inter-level travel time spent in this place.
 D = Time resting spent in this place.
 E = Time spent auto-exploring this place.
 F = Levels seen in this place.
 G = Mean time per level.
                   A        B        C        D        E       F      G
               +--------+--------+--------+--------+--------+-----+--------+
         Total |   1204 |   1200 |      4 |      0 |    872 |   2 |  602.0 |
       Dungeon |   1204 |   1200 |      4 |      0 |    872 |   2 |  602.0 |
               +--------+--------+--------+--------+--------+-----+--------+

Top non-repeatable levels by time:
     D:1: 687 daAuts
     D:2: 517 daAuts
